AoeStats
← BenitoKmelo

MegaRandom

504929675Analyzed
4v4 RM · 25d ago on Sep 7, 2026· 35m 26s· 8 players
Game mode
Random Map
Map size
Large (8 player)
Population
200
Speed
Normal
Resources
Standard
Victory
Conquest
Starting age
Dark Age
Ending age
Imperial Age
RankedLock teamsTeams togetherTeam positionsShared explorationLock speedFull tech treeHidden civsTurbo modeCheats
Victory
Defeat
🇹🇼 Spanish · Taiwan
1186
+14
🇨🇦 Britons · Canada
1133
+16
🇲🇽 Muisca · Mexico
1097
+18
🇲🇽 Bulgarians · Mexico
1096
+18
🇦🇷 Cumans · Argentina
1170
-19
🇦🇷 Malay · Argentina
1160
-17
🇨🇱 Mongols · Chile
1134
-16
🇦🇷 Vietnamese · Argentina
1068
-14
fat_dgk
8:46 Loom
10:59 Feudal Age
16:47 Castle Age
15:52 Double-Bit Axe
17:21 Fletching
20:42 Bodkin Arrow
23:26 Padded Archer Armor
30:30 Ballistics
37:38 Imperial Age
36:35 Wheelbarrow
[SIX] RX
14:01 Feudal Age
16:25 Loom
28:52 Castle Age
29:42 Thumb Ring
dan29730
7:26 Loom
9:45 Feudal Age
9:34 Double-Bit Axe
13:51 Town Watch
17:43 Castle Age
17:06 Elite Skirmisher
18:51 Fletching
20:25 Wheelbarrow
24:51 Hand Cart
26:54 Bow Saw
27:32 Horse Collar
28:09 Bodkin Arrow
28:16 Padded Archer Armor
29:31 Thumb Ring
31:00 Leather Archer Armor
31:48 Bodkin Arrow
33:00 Pikeman
33:41 Squires
33:26 Arson
Belmont
2:56 Loom
6:14 Loom
9:27 Feudal Age
20:03 Wheelbarrow
23:43 Castle Age
23:15 Forging
23:41 Double-Bit Axe
28:59 Horse Collar
29:16 Gold Mining
32:30 Iron Casting
32:01 Scale Barding Armor
33:33 Bloodlines
Ratchet2krox
3:14 Loom
10:10 Feudal Age
12:22 Forging
11:42 Champi Runner
12:49 Scale Mail Armor
22:05 Castle Age
20:21 Horse Collar
20:27 Double-Bit Axe
22:16 Fletching
22:26 Padded Archer Armor
25:27 Iron Casting
24:34 Elite Skirmisher
28:50 Leather Archer Armor
32:46 Bodkin Arrow
35:40 Squires
36:40 Wheelbarrow
Theodore
8:29 Loom
10:16 Feudal Age
10:37 Loom
10:49 Double-Bit Axe
12:22 Gold Mining
15:09 Fletching
17:20 Padded Archer Armor
17:52 Horse Collar
24:16 Castle Age
24:32 Crossbowman
25:40 Bow Saw
26:08 Gold Shaft Mining
25:32 Stone Mining
26:28 Bodkin Arrow
27:40 Ballistics
28:30 Wheelbarrow
32:57 Imperial Age
34:52 Conscription
BenitoKmelo
7:25 Loom
10:13 Feudal Age
10:45 Double-Bit Axe
10:46 Horse Collar
13:48 Forging
14:36 Bloodlines
14:33 Scale Barding Armor
15:58 Wheelbarrow
19:36 Castle Age
19:17 Gold Mining
20:38 Husbandry
21:00 Chain Barding Armor
21:17 Iron Casting
再讓我農一下
11:53 Feudal Age
13:33 Horse Collar
13:39 Double-Bit Axe
16:11 Castle Age
17:10 Bow Saw
17:03 Loom
18:18 Heavy Plow
26:30 Wheelbarrow
25:41 Town Watch
30:02 Imperial Age
28:15 Ballistics
28:22 Husbandry
28:33 Bloodlines
29:56 Hand Cart
29:42 Town Patrol
30:31 Scale Barding Armor
30:36 Forging
30:13 Cavalier
31:45 Gold Mining
31:46 Stone Mining
32:32 Iron Casting
32:22 Chain Barding Armor
32:40 Conscription
34:46 Fletching
Connection lost

Rejoining the realm…

Still unreachable

The connection could not be restored.

Session expired

The server has moved on; the page needs a fresh start.